 Dungeon Crawl Stone Soup version 0.28.0-43-g3370ac3207 (webtiles) character file.

Game seed: 4023107090354174561

116123 pkoi the Brawler (level 16, 0/234 HPs)
             Began as a Troll Fighter on Mar 21, 2022.
             Was an Initiate of Gozag.
             Slain by a merfolk
             ... wielding a +0 spear
              (15 damage)
             ... on level 3 of the Shoals.
             The game lasted 00:54:47 (29856 turns).

pkoi the Brawler (Troll Fighter)                   Turns: 29856, Time: 00:54:48

Health: 0/234      AC: 10    Str: 26    XL:     16   Next: 20%
Magic:  0/6        EV: 12    Int: 14    God:    Gozag
Gold:   1203       SH: 12    Dex: 15    Spells: 5/15 levels left

rFire   . . .      SeeInvis .     - Unarmed
rCold   + + .      Faith    .   b - +1 kite shield
rNeg    + + .      Spirit   +   G - +1 robe {rC+}
rPois   .          Reflect  .   u - +2 hat
rElec   .          Harm     .   m - +2 cloak
rCorr   .          Rampage  .   (gloves unavailable)
Will    +....                   (boots unavailable)
Stlth   ..........              x - amulet of guardian spirit
HPRegen 1.29/turn               U - ring of Nat Qil {+Blink rC+ rN++ MP-9 Str-5}
MPRegen 0.10/turn               v - ring "Xiddeorch" {Str+3 Int+6 Dex+2 Slay+3}

@: brilliant, berserking, very quick
A: large, unfitting armour, claws 3, regeneration 1, shaggy fur 1, tough skin 1,
agile 1
a: Renounce Religion, Evoke Blink, Potion Petition, Call Merchant, Bribe Branch


You were on level 3 of the Shoals.
You worshipped Gozag.
Gozag was most pleased with you.
You visited 4 branches of the dungeon, and saw 25 of its levels.
You visited the Abyss 1 time.
You also visited: Ossuary, Bailey and Gauntlet.

You collected 7620 gold pieces.
You spent 2457 gold pieces at shops.
You paid 3960 gold pieces to Gozag.

Inventory:

Missiles
 a - 7 boomerangs (quivered)
 o - 5 silver javelins
 w - 7 throwing nets
 y - 31 large rocks
 H - 7 javelins
 N - 5 curare-tipped darts
Armour
 b - a +1 kite shield (worn)
 m - a +2 cloak (worn)
 u - a +2 hat (worn)
 G - a +1 robe of cold resistance (worn)
Jewellery
 n - a ring of flight
 p - a +4 ring of slaying
 s - a ring of protection from cold
 v - the ring "Xiddeorch" (right claw) {Str+3 Int+6 Dex+2 Slay+3}
   (You bought it in a shop on level 9 of the Dungeon)

   [ring of intelligence]

   Str:       It affects your strength (+3).
   Int:       It affects your intelligence (+6).
   Dex:       It affects your dexterity (+2).
   Slay:      It affects your accuracy & damage with ranged weapons and melee
   (+3).
 x - an amulet of guardian spirit (around neck)
 C - the ring "Diwaog" {rCorr Dex+2}
   (You found it on level 6 of the Dungeon)

   [ring of resist corrosion]

   Dex:       It affects your dexterity (+2).
   rCorr:     It protects you from acid and corrosion.
 F - a ring of protection from fire
 T - a ring of protection from fire
 U - the ring of Nat Qil (left claw) {+Blink rC+ rN++ MP-9 Str-5}
   (You bought it in a shop on level 9 of the Dungeon)

   [ring of protection from cold]

   Str:       It affects your strength (-5).
   rC:        It protects you from cold.
   rN:        It greatly protects you from negative energy.
   MP:        It affects your magic capacity (-9).
   +Blink:    It lets you blink.
Wands
 f - a wand of iceblast (11)
 k - a wand of flame (39)
 K - a wand of digging (6)
 M - a wand of polymorph (12)
 O - a wand of acid (7)
Scrolls
 d - 24 scrolls of identify
 g - a scroll of fear
 i - 2 scrolls of magic mapping
 r - a scroll of summoning
 t - 6 scrolls of teleportation
 D - 7 scrolls of enchant armour
 I - 5 scrolls of silence
 L - 4 scrolls of vulnerability
 Q - a scroll of torment
 R - a scroll of blinking
 S - 2 scrolls of amnesia
 V - a scroll of enchant weapon
Potions
 c - a potion of might
 e - 10 potions of curing
 h - 4 potions of heal wounds
 j - 4 potions of haste
 l - 3 potions of flight
 q - 2 potions of invisibility
 z - 2 potions of brilliance
 A - 2 potions of cancellation
 B - 3 potions of resistance
 E - a potion of berserk rage
 P - a potion of magic


   Skills:
 - Level 9.0 Fighting
 + Level 10.9 Throwing
 + Level 7.8 Dodging
 + Level 9.6 Shields
 * Level 20.2 Unarmed Combat
 - Level 5.0 Evocations


You had 5 spell levels left.
You knew the following spells:

 Your Spells              Type           Power      Damage    Failure   Level
a - Blink                 Tloc           0%         N/A       63%         2
b - Passwall              Tmut/Erth      0%         N/A       63%         2
c - Statue Form           Tmut/Erth      0%         N/A       100%        6

Your spell library contained the following spells:

 Spells                   Type           Power      Damage    Failure   Level
 Magic Dart               Conj           0%         1d3       47%         1
 Pain                     Necr           0%         1d4       47%         1
 Sting                    Tmut/Pois      0%         1d3       47%         1
 Call Imp                 Summ           0%         N/A       63%         2
 Ensorcelled Hibernation  Hex/Ice        0%         N/A       63%         2
 Scorch                   Fire           0%         2d5       63%         2
 Static Discharge         Conj/Air       0%         N/A       63%         2
 Ignite Poison            Fire/Tmut/Pois 0%         N/A       85%         3
 Inner Flame              Hex/Fire       0%         N/A       85%         3
 Lesser Beckoning         Tloc           0%         N/A       85%         3
 Mephitic Cloud           Conj/Pois/Air  0%         N/A       85%         3
 Swiftness                Air            0%         N/A       85%         3
 Cause Fear               Hex            0%         N/A       99%         4
 Flame Wave               Conj/Fire      0%         2d4       99%         4
 Ice Form                 Ice/Tmut       0%         N/A       99%         4
 Agony                    Necr           0%         N/A       100%        5
 Excruciating Wounds      Necr           0%         N/A       100%        5
 Lightning Bolt           Conj/Air       0%         1d11      100%        5
 Manifold Assault         Tloc           0%         N/A       100%        5
 Yara's Violent Unravell  Hex/Tmut       0%         3d3       100%        5
 Summon Cactus Giant      Summ           0%         N/A       100%        6
 Discord                  Hex            0%         N/A       100%        8
 Maxwell's Capacitive Co  Air            0%         ∞         100%        8


Dungeon Overview and Level Annotations

Branches:
Dungeon (15/15)            Temple (1/1) D:5            Lair (6/6) D:10
 Shoals (2/4) Lair:2       Spider (0/4) Lair:3        Slime (0/5) Lair:6
    Orc (0/2) D:12         Vaults (0/5) D:13         Depths (0/4) D:15
Ossuary (visited)          Bailey (visited)         Gauntlet (visited)

Altars:
Ashenzari
Cheibriados
Dithmenos
Elyvilon
Fedhas
Gozag
Hepliaklqana
Kikubaaqudgha
Makhleb
Nemelex Xobeh
Okawaru
Qazlal
Ru
Sif Muna
Trog
Uskayaw
Vehumet
Wu Jian
Xom
Yredelemnul
Zin
The Shining One

Shops:
D:3 [   D:9 :=   D:12 (?*   D:13 *:([

Portals:
Trove: D:15 (give 13 scrolls of teleportation)

Annotations:
D:4 2 transporters
D:6 3 runed translucent doors, experimilk's ghost, amateur PaFi


Innate Abilities, Weirdness & Mutations

You are too large for most types of armour.
You have claws for hands.
Your natural rate of healing is unusually fast.
You are covered in fur. (AC +1)
You have tough skin. (AC +1)
You are agile. (Dex +2)


Message History

Magic courses through your body.
You feel much better.
A red film seems to cover your vision as you go berserk!
You feel yourself moving faster!
You feel mighty!
The merfolk hits you but does no damage.
The merfolk impaler hits you with a +1 trident of holy wrath!
* * * LOW HITPOINT WARNING * * *
The merfolk hits you from afar with a +0 spear!
* * * LOW HITPOINT WARNING * * *
You barely miss the merfolk impaler. You block the merfolk's attack.
Unknown command.
Unknown command.
The merfolk barely misses you. You block the merfolk impaler's attack.
You closely miss the merfolk impaler. You block the merfolk's attack.
The merfolk impaler hits you with a +1 trident of holy wrath.
* * * LOW HITPOINT WARNING * * *
The merfolk hits you with a +0 spear.
* * * LOW HITPOINT WARNING * * *
Unknown command.
You barely miss the merfolk impaler. The merfolk impaler barely misses you.
Unknown command.
You mangle the merfolk impaler!!
The merfolk impaler is moderately wounded.
The merfolk barely misses you.
Unknown command.
You mangle the merfolk impaler!!
The merfolk impaler is heavily wounded.
The merfolk hits you with a +0 spear!!
* * * LOW HITPOINT WARNING * * *
The merfolk impaler hits you with a +1 trident of holy wrath!!
* * * LOW HITPOINT WARNING * * *
Unknown command.
You miss the merfolk impaler.
The merfolk impaler is heavily wounded.
You block the merfolk impaler's attack. You block the merfolk's attack.
Unknown command.
You barely miss the merfolk impaler.
The merfolk impaler is heavily wounded.
The merfolk hits you with a +0 spear!
You die...
Your body crumbles into a pile of gold.

≈≈≈≈≈≈≈≈≈≈≈≈≈≈≈≈≈≈≈≈≈≈≈≈
≈≈≈≈≈≈≈≈≈≈≈≈≈≈≈≈≈≈≈≈≈≈≈≈
≈≈≈≈≈≈≈≈≈≈≈≈≈≈≈≈≈≈≈≈≈≈≈≈
≈≈≈≈≈≈≈≈≈≈≈≈≈..≈≈≈≈≈.≈≈≈
≈≈≈≈≈≈≈≈≈≈≈≈≈m.≈≈≈≈..≈
≈≈≈≈≈≈≈≈........≈≈...≈
≈≈≈≈≈≈≈..............≈
≈≈≈≈≈≈mm####.........≈
≈≈≈≈≈..@## ##.......?≈
≈≈≈≈.[.m.####...$....≈
≈≈≈≈≈≈≈.......≈≈...$≈
≈≈≈≈≈≈>..#.....≈.≈≈≈.
≈≈≈≈≈≈≈.###....≈≈.≈≈
≈≈≈≈≈≈≈.# ...≈≈..≈≈
≈≈≈≈≈≈≈≈# ≈≈≈≈..≈≈
≈≈≈≈≈≈≈≈≈ ≈≈≈≈. ≈≈≈≈.P≈
≈≈≈.


You could see a merfolk impaler and 2 merfolk.

Vanquished Creatures
  Kirke (Shoals:1)
  Roxanne (D:15)
  A fire giant (D:15)
  An orc warlord (Bailey)
  Nessos (D:15)
  A minotaur (Gauntlet)
  A merfolk javelineer (Shoals:2)
  A fire dragon (D:12)
  A spectral kraken (Shoals:1)
  5 boulder beetles
  Harold (D:9)
  Fannar (Lair:3)
  2 ghost crabs (Shoals:1)
  6 hydras
  2 ogre magi (D:15)
  Erica (D:9)
  3 centaur warriors
  4 catoblepae (Lair:6)
  2 death knights
  10 two-headed ogres
  A tengu warrior (D:8)
  16 death yaks
  Urug (Lair:4)
  4 skeletal warriors
  7 sea snakes
  A deep troll (D:13)
  A wizard (D:15)
  8 harpies
  3 lindwurms
  A phantasmal warrior (D:11)
  3 deep elf pyromancers
  An orc knight (Bailey)
  12 ugly things
  7 manticores
  An oklob plant (D:10)
  2 fauns (Shoals:2)
  7 cyclopes
  Maurice (D:8)
  6 elephants (Lair:6)
  3 black mambas
  12 cane toads
  6 merfolk sirens
  Maggie (D:7)
  2 gargoyles
  A water nymph (Shoals:1)
  A minotaur zombie (Gauntlet)
  2 unseen horrors
  A rime drake (Lair:3)
  A freezing wraith (D:11)
  4 komodo dragons
  A spectral merfolk (Shoals:1)
  3 meliai (D:13)
  4 merfolk
  A polar bear (Lair:6)
  6 slime creatures
  3 trolls
  2 spectral manticores (Shoals:1)
  2 dream sheep (Shoals:2)
  19 blink frogs
  4 hornets
  A meliai zombie (D:10)
  4 snapping turtles
  7 shadows
  3 vampires
  3 wyverns
  4 wraiths (D:12)
  54 yaks
  2 hogs
  4 basilisks
  2 steam dragons
  3 redbacks (Lair:3)
  A swamp worm (shapeshifter) (D:13)
  A two-headed ogre zombie (D:12)
  10 vampire mosquitoes
  3 acid dragons
  A large abomination (Abyss:3)
  11 water moccasins
  A spectral snapping turtle (Shoals:1)
  2 sky beasts
  17 orc warriors
  2 black bears
  A hornet zombie (D:9)
  6 necrophages
  5 ogres
  16 wolves
  5 boggarts (D:14)
  13 centaurs
  2 phantoms
  2 kobold brigands
  11 bullfrogs
  An elf zombie (D:4)
  2 elf skeletons (D:4)
  A gnoll sergeant (D:6)
  3 scorpions
  A troll zombie (D:12)
  20 wights
  14 killer bees
  2 electric eels (Lair:5)
  8 howler monkeys
  A bullfrog zombie (D:6)
  12 centaur zombies
  2 human zombies
  3 hounds (D:5)
  6 orc priests
  4 iguanas
  11 orc wizards
  8 hell rats (Lair:4)
  2 human skeletons (D:4)
  A killer bee zombie (D:7)
  10 ogre zombies
  7 howler monkey zombies
  10 mummies
  A howler monkey skeleton (D:7)
  7 adders
  17 gnolls
  5 river rats (Lair:4)
  A shadow imp (D:8)
  A white imp (D:5)
  2 ufetubi
  2 adder skeletons (D:5)
  2 adder zombies (Ossuary)
  A worm (D:2)
  2 dart slugs
  37 orcs
  4 ball pythons
  5 endoplasms
  5 giant cockroaches
  18 goblins
  21 hobgoblins
  9 jackals
  4 quokkas
  4 bats
  4 frilled lizards
  A gnoll zombie (Ossuary)
  5 goblin zombies
  8 hobgoblin zombies
  13 kobolds
  6 kobold zombies (Ossuary)
  3 orc skeletons (D:12)
  15 orc zombies (D:12)
  3 quokka zombies (Ossuary)
  17 rats
  5 rat zombies (Ossuary)
  A fungus (Lair:3)
763 creatures vanquished.

Vanquished Creatures (others)
  A killer bee (D:9)
  A howler monkey zombie (D:9)
  A bush (Lair:6)
  13 fungi
  102 plants
  14 tentacles (Shoals:1)
  15 withered plants
147 creatures vanquished.

Grand Total: 910 creatures vanquished

Notes
Turn   | Place    | Note
-------+----------+-------------------------------------------
     0 | D:1      | pkoi the Troll Fighter began the quest for the Orb.
     0 | D:1      | Reached XP level 1. HP: 22/22 MP: 0/0
   138 | D:1      | Reached XP level 2. HP: 27/29 MP: 1/1
   376 | D:1      | Reached XP level 3. HP: 32/36 MP: 2/2
   978 | D:2      | Reached skill level 3 in Unarmed Combat
   983 | D:2      | Reached XP level 4. HP: 24/44 MP: 3/3
  1128 | D:2      | You fall into a shaft and drop 1 floor!
  1128 | D:3      | Found Noazilay's Antique Armour Shoppe.
  1188 | D:3      | Found a faded altar of an unknown god.
  2093 | D:4      | Reached XP level 5. HP: 33/53 MP: 4/4
  2133 | D:4      | Reached skill level 1 in Throwing
  2137 | D:4      | Found a sand-covered staircase.
  2148 | D:4      | Reached skill level 4 in Unarmed Combat
  2153 | Ossuary  | Entered an ossuary
  2272 | Ossuary  | Reached XP level 6. HP: 61/61 MP: 5/5
  2849 | D:4      | Reached skill level 5 in Unarmed Combat
  2849 | D:4      | Reached XP level 7. HP: 67/67 MP: 6/6
  3044 | D:4      | Learned a level 2 spell: Blink
  3047 | D:4      | Learned a level 2 spell: Passwall
  3196 | D:4      | Found a transporter.
  3200 | D:4      | Found a transporter.
  3540 | D:5      | Entered Level 5 of the Dungeon
  3617 | D:5      | Reached skill level 6 in Unarmed Combat
  3643 | D:5      | Reached XP level 8. HP: 33/75 MP: 7/7
  3789 | D:5      | Found a staircase to the Ecumenical Temple.
  3813 | Temple   | Entered the Ecumenical Temple
  3890 | Temple   | Became a worshipper of Gozag Ym Sagoz the Greedy
  4011 | D:5      | Reached skill level 7 in Unarmed Combat
  4648 | D:6      | Reached skill level 5 in Shields
  4690 | D:6      | Reached skill level 8 in Unarmed Combat
  4997 | D:6      | Identified the ring "Diwaog" {rCorr Dex+2}
  5038 | D:6      | Reached XP level 9. HP: 73/83 MP: 8/8
  5097 | D:6      | Found a runed translucent gate.
  5336 | D:6      | Found a runed translucent gate.
  5337 | D:6      | Found a runed translucent gate.
  5338 | D:6      | Noticed experimilk's ghost (amateur PaFi)
  5668 | D:7      | Found a flagged portal.
  5682 | Bailey   | Entered a bailey
  5734 | Bailey   | Noticed an orc knight
  5781 | Bailey   | Killed an orc knight
  5782 | Bailey   | Reached skill level 5 in Throwing
  5782 | Bailey   | Reached skill level 9 in Unarmed Combat
  6630 | Bailey   | Noticed an orc warlord
  6634 | Bailey   | Reached skill level 12 in Unarmed Combat
  6634 | Bailey   | Reached XP level 10. HP: 72/102 MP: 9/9
  6648 | Bailey   | Killed an orc warlord
  6649 | Bailey   | Reached XP level 11. HP: 40/109 MP: 10/10
  6831 | D:7      | Noticed Maggie
  6849 | D:7      | Killed Maggie
  7688 | D:8      | Noticed a tengu warrior
  7709 | D:8      | Killed a tengu warrior
  8344 | D:8      | Reached skill level 13 in Unarmed Combat
  9079 | D:9      | Found Jejupeyl's Book Emporium.
  9220 | D:9      | Noticed Erica
  9222 | D:9      | Gained mutation: Potions are less effective at restoring
                  | your health. [potion of mutation]
  9222 | D:9      | Lost mutation: Potions are less effective at restoring your
                  | health. [potion of mutation]
  9222 | D:9      | Gained mutation: You are agile. (Dex +2) [potion of
                  | mutation]
  9234 | D:9      | Killed Erica
  9250 | D:9      | Noticed a boulder beetle
  9259 | D:9      | Noticed Harold
  9259 | D:9      | Noticed Maurice
  9654 | D:8      | Killed Maurice
  9918 | D:9      | Reached XP level 12. HP: 114/119 MP: 11/11
 10153 | D:9      | Found a basalt altar of Yredelemnul.
 10797 | D:9      | Killed a boulder beetle
 10969 | D:9      | Killed Harold
 10970 | D:9      | Reached skill level 14 in Unarmed Combat
 11083 | D:10     | Entered Level 10 of the Dungeon
 11157 | D:10     | Found a staircase to the Lair.
 11192 | Lair:1   | Entered Level 1 of the Lair of Beasts
 11743 | Lair:1   | Reached skill level 15 in Unarmed Combat
 12093 | D:9      | Bought the ring "Xiddeorch" {Str+3 Int+6 Dex+2 Slay+3} for
                  | 1506 gold pieces
 12504 | Lair:2   | Found a staircase to the Shoals.
 13305 | Lair:3   | Reached XP level 13. HP: 124/131 MP: 12/12
 13461 | Lair:3   | Noticed Fannar
 13481 | Lair:3   | Killed Fannar
 13564 | Lair:3   | Found a hole to the Spider Nest.
 13574 | Lair:3   | Reached skill level 16 in Unarmed Combat
 15249 | Lair:4   | Noticed Urug
 15261 | Lair:4   | Killed Urug
 16498 | Lair:5   | Reached skill level 17 in Unarmed Combat
 16898 | Lair:6   | Entered Level 6 of the Lair of Beasts
 16956 | Lair:6   | Reached skill level 1 in Evocations
 17268 | Lair:6   | Found a gate leading to a gauntlet.
 17277 | Gauntlet | Entered a Gauntlet
 17277 | Gauntlet | Found a transporter.
 17277 | Gauntlet | Found a transporter.
 17277 | Gauntlet | Found a runed translucent door.
 17277 | Gauntlet | Found a runed translucent door.
 17313 | Gauntlet | Found a transporter.
 17313 | Gauntlet | Found a transporter.
 17317 | Gauntlet | Found a transporter.
 17317 | Gauntlet | Found a transporter.
 17344 | Gauntlet | Found a transporter.
 17347 | Gauntlet | Found a transporter.
 17352 | Gauntlet | Noticed an entropy weaver
 17355 | Gauntlet | Found a transporter.
 17371 | Gauntlet | Found a transporter.
 17385 | Gauntlet | Found a transporter.
 17389 | Gauntlet | Found a transporter.
 17391 | Gauntlet | Found a runed translucent door.
 17393 | Gauntlet | Found a runed translucent door.
 17523 | Gauntlet | Identified the +2 pair of gloves "Micig" {Str+7 Slay-2}
 17691 | Gauntlet | Noticed a minotaur
 17708 | Gauntlet | Killed a minotaur
 17709 | Gauntlet | Reached XP level 14. HP: 26/140 MP: 2/13
 18451 | Lair:6   | Reached skill level 18 in Unarmed Combat
 18663 | Lair:6   | Reached skill level 5 in Dodging
 19038 | Lair:6   | Found a staircase to the Slime Pits.
 21249 | D:12     | Found a shadowy altar of Dithmenos.
 21540 | D:12     | Found Galienosaf's Weapon Shoppe.
 21548 | D:12     | Bought a scroll of torment for 112 gold pieces
 21562 | D:12     | Found a staircase to the Orcish Mines.
 21806 | D:12     | Reached XP level 15. HP: 146/146 MP: 14/14
 22351 | D:13     | Found Quqoar's General Store.
 22358 | D:13     | Bought a scroll of teleportation for 54 gold pieces
 22358 | D:13     | Bought 2 potions of resistance for 360 gold pieces
 22498 | D:13     | Found Qetzirof's Book Shop.
 22699 | D:13     | Reached skill level 19 in Unarmed Combat
 22955 | D:13     | Reached skill level 5 in Evocations
 23202 | D:13     | Found Zyemopn's Antique Armour Boutique.
 23235 | D:13     | Found Xotsumae's Weapon Shop.
 23460 | D:13     | Found a gate to the Vaults.
 23911 | D:14     | Reached skill level 10 in Throwing
 24856 | D:15     | Entered Level 15 of the Dungeon
 24934 | D:15     | Cast into level 3 of the Abyss (a wizard)
 24982 | D:15     | Escaped the Abyss
 25078 | D:15     | Noticed Nessos
 25087 | D:15     | Killed Nessos
 25281 | D:15     | Found a portal to a secret trove of treasure.
 25368 | D:15     | Found a staircase to the Depths.
 25368 | D:15     | Noticed a fire giant
 25377 | D:15     | Killed a fire giant
 25927 | D:15     | Identified Roxanne's Tome of Transmutation
 25927 | D:15     | Noticed Roxanne
 25944 | D:15     | Killed Roxanne
 25954 | D:15     | Learned a level 6 spell: Statue Form
 26477 | Shoals:1 | Entered Level 1 of the Shoals
 27736 | D:9      | Bought the ring of Nat Qil {+Blink rC+ rN++ MP-9 Str-5} for
                  | 425 gold pieces
 28832 | Shoals:1 | Reached skill level 20 in Unarmed Combat
 28832 | Shoals:1 | Reached XP level 16. HP: 131/140 MP: 4/15
 28959 | Shoals:2 | Noticed Kirke
 29185 | Shoals:1 | Killed Kirke
 29757 | Shoals:2 | You fall into a shaft and drop 1 floor!
 29822 | Shoals:3 | HP: 7/156 [wind drake (8)]
 29846 | Shoals:3 | HP: 4/156 [merfolk impaler/+1 trident of holy wrath (22)]
 29856 | Shoals:3 | Slain by a merfolk

Illustrated notes

Levels and vault maps discovered:
D:1:      dpeg_arrival_shelter, layout_basic, roderic_serpentine_path,
          minmay_cut_off
D:2:      layout_rooms, nrook_mini_vaults
D:3:      layout_rooms, ebering_ecumenical_altar_abandoned, serial_shops,
          shop_fountains
D:4:      gammafunk_steamed_eel, layout_basic, nicolae_ossuary_entry_catacombs
D:5:      layout_basic, minmay_temple_entry_ruins
D:6:      layout_basic, gammafunk_ghost_necromancy, nicolae_grassy_gnolls
D:7:      layout_basic, enter_bailey_3, minmay_misc_feat_tower, uniq_maggie
D:8:      cheibrodos_fzero, layout_loops_ring, kennysheep_generic_room_15
D:9:      layout_basic, lemuel_mausoleum_altar_yredelemnul,
          serial_bayou_lagoon_a, minmay_misc_feat_nine_boxes,
          nicolae_stop_n_shop_1, minmay_mirror_moons_of_madness, uniq_harold,
          uniq_maurice, uniq_erica
D:10:     layout_rooms, dpeg_oklobed_lair, serial_undead, serial_undead_b,
          serial_undead_b, serial_undead_a, serial_undead_e, serial_undead_b,
          serial_undead_a, serial_undead_b, serial_undead_f
D:11:     layout_loops_ring
D:12:     layout_irregular_city, zombieorc2_lemuel, serial_shops,
          kennysheep_mini_moat, minmay_variable_closet,
          nicolae_dithmenos_the_darkroom
D:13:     layout_loops_corners, david_vaults_4, serial_shops, shop, shop_statue,
          shop_statue, nicolae_shop_trees
D:14:     layout_loops_corners, grunt_decor_resistance
D:15:     grunt_enter_depths_giant_problem, layout_loops_ring,
          nicolae_trove_entry_crossroad, uniq_roxanne, uniq_nessos
Temple:   grunt_wide_crystal_templ
Lair:1:   layout_misc_corridors
Lair:2:   layout_concentric_octagons, minmay_shoals_entry_lonely_mermaid,
          infiniplex_staircase_pool_2
Lair:3:   layout_gridlike, spider_nest_entry_webs, uniq_fannar
Lair:4:   layout_small_grid, kennysheep_abandoned_house, uniq_urug
Lair:5:   layout_regular_city, minmay_hedge_maze, nicolae_quartered_pool_medium,
          lemuel_fruit_fields, serial_bayou_shore_b, grunt_megastairs_5,
          infiniplex_staircase_pool
Lair:6:   evilmike_catoblepas_cave, layout_regular_city,
          dpeg_slime_entry_corner, gauntlet_entry_generic
Shoals:1: layout_shoals, nicolae_shoals_spectral_cove
Shoals:2: layout_shoals, uniq_kirke
Shoals:3: layout_shoals, serial_shops, bzr_entry_gold, nicolae_take_the_stairs,
          nicolae_square_shop, nicolae_shoals_drake_roost

Skill      XL: |  1  2  3  4  5  6  7  8  9 10 11 12 13 14 15 |
---------------+----------------------------------------------+-----
Unarmed Combat | 3 4 5 6 8 12 13 15 17 18 20 | 20.2
Shields        | 3 4 5 6 7 8 9 |  9.6
Fighting       | 3 7 9 |  9.0
Dodging        | 3 4 6 7 |  7.8
Throwing       | 1 2 3 4 5 7 8 9 10 | 10.9
Evocations     | 2 4 5 |  5.0

Action                   |  1- 3 |  4- 6 |  7- 9 | 10-12 | 13-15 | 16-18 || total
-------------------------+-------+-------+-------+-------+-------+-------++-------
Melee: Unarmed           |   116 |   220 |   380 |   588 |  1127 |    87 ||  2518
Throw: Large rock        |       |       |       |     2 |    19 |     1 ||    22
       Boomerang         |       |       |       |       |    96 |    33 ||   129
Invok: Potion Petition   |       |       |     1 |       |     1 |     2 ||     4
       Call Merchant     |       |       |       |     1 |     2 |       ||     3
Evoke: Wand              |       |       |       |     5 |       |       ||     5
  Use: Scroll            |     1 |     6 |    14 |     6 |     3 |     3 ||    33
       Potion            |       |       |     3 |     9 |     1 |     4 ||    17
 Stab: Sleeping          |     1 |     1 |     1 |     1 |     1 |       ||     5
       Distracted        |       |       |     1 |     4 |     9 |       ||    14
       Invisible         |       |       |       |     2 |     1 |       ||     3
       Paralysed         |       |       |       |     2 |       |       ||     2
       Petrifying        |       |       |       |       |     1 |       ||     1
Armor: Robe              |    31 |    27 |    40 |    75 |   241 |    13 ||   427
       Skin              |       |       |       |     1 |       |    15 ||    16
Dodge: Dodged            |    37 |    66 |   136 |   270 |   351 |    47 ||   907
Block: Kite shield       |    33 |    62 |   166 |   253 |   557 |    71 ||  1142
